 Dungeon Crawl Stone Soup version 0.31-a0-187-gba352fbbf7 (webtiles) character file.

Game seed: 8350311759538885442

249 qw the Skirmisher (level 5, -6/31 HPs)
             Began as a Deep Elf Hunter on June 22, 2023.
             Mangled by a gnoll
             ... wielding a +0 whip
              (8 damage)
             ... on level 4 of the Dungeon.
             The game lasted 00:00:43 (1879 turns).

qw the Skirmisher (Deep Elf Hunter)                 Turns: 1879, Time: 00:00:44

Health: -6/31      AC:  6    Str: 10    XL:     5   Next: 86%
Magic:  7/7        EV: 11    Int: 14    God:
Gold:   141        SH:  0    Dex: 18    Spells: 4/4 levels left

rFire   . . .        Y - +1 shortbow
rCold   . . .        (shield currently unavailable)
rNeg    . . .        b - +0 ring mail
rPois   .            f - +0 helmet
rElec   .            (no cloak)
rCorr   .            (no gloves)
SInv    .            (no boots)
Will    .....        e - amulet of regeneration
Stlth   +            (no ring)
HPRegen 1.05/turn    (no ring)
MPRegen 0.10/turn

%: no passive effects
@: about to teleport
A: no striking features
a: no special abilities


You were on level 4 of the Dungeon.
You visited 1 branch of the dungeon, and saw 5 of its levels.

You collected 141 gold pieces.


   Skills:
 - Level 2.4 Fighting
 + Level 9.0 Ranged Weapons
 - Level 2.4 Dodging
 - Level 1.2 Stealth


You had 4 spell levels left.
You didn't know any spells.
Your spell library was empty.

Inventory:

Hand Weapons
 Y - a +1 shortbow (weapon)
Armour
 b - a +0 ring mail (worn)
 f - a +0 helmet (worn)
Jewellery
 e - an amulet of regeneration (around neck)
Scrolls
 d - 2 scrolls of identify
Potions
 i - 3 potions of curing
 j - a potion of enlightenment
 l - a potion of heal wounds

Dungeon Overview and Level Annotations

Branches:
Dungeon (5/15)
 Temple: D:4-7

Altars:


Message History

A gnoll comes into view. It is wielding a +0 club.
The gnoll hits you but does no damage.
You shoot an arrow. The arrow hits the scorpion!
The scorpion is heavily wounded.
The scorpion stings you but does no damage.
The gnoll hits you from afar with a +0 spear.
You shoot an arrow. The arrow barely misses the scorpion.
The scorpion stings you. The gnoll closely misses you.
The gnoll hits you from afar with a +0 spear.
You shoot an arrow. The arrow hits the scorpion.
The scorpion is heavily wounded.
The scorpion barely misses you. The adder bites you but does no damage.
The gnoll hits you but does no damage.
The gnoll hits you from afar with a +0 spear.
You shoot an arrow. The arrow barely misses the scorpion.
The scorpion barely misses you. The adder bites you but does no damage.
The gnoll hits you with a +0 whip. The gnoll barely misses you.
The scorpion closely misses you. The adder bites you.
You shoot an arrow.
The arrow hits the scorpion but does no damage.
The scorpion is heavily wounded.
The adder closely misses you. The scorpion stings you.
The gnoll closely misses you.
The gnoll hits you from afar with a +0 spear.
You shoot an arrow. The arrow hits the scorpion!
You kill the scorpion!
The adder bites you but does no damage. The gnoll barely misses you.
The gnoll hits you from afar with a +0 spear.
The adder bites you but does no damage.
Your Fighting skill increases to level 2!
You shoot an arrow. The arrow hits the gnoll.
The gnoll is lightly wounded.
The gnoll hits you with a +0 whip. The gnoll barely misses you.
The gnoll hits you with a +0 club! The adder closely misses you.
1879 ||| READING scroll of teleportation.
As you read the scroll of teleportation, it crumbles to dust.
You feel strangely unstable. The adder bites you but does no damage.
The gnoll hits you with a +0 club. The gnoll misses you.
The gnoll hits you with a +0 whip!
You die...

#..........%...#.#
###...>.(......#.#
####............#.#
#..................
#........##.###"#.#
#...................
#.......###.##.#.....
#......%# #.. .......
#.....S@# # #.....gg#
##.....g. #.......#
#........ #.......##
#.......# #.......#


You could see 3 gnolls and an adder.

Vanquished Creatures
  A phantom (D:5)
  A scorpion (D:4)
  A sleepcap (D:5)
  3 adders
  A gnoll (D:5)
  A white imp (D:3)
  An ufetubus (D:5)
  A worm (D:2)
  A dart slug (D:4)
  2 ball pythons
  6 bats
  3 endoplasms
  2 giant cockroaches (D:1)
  A goblin (D:1)
  5 hobgoblins
  3 jackals (D:1)
  A quokka (D:2)
  2 frilled lizards (D:2)
  A kobold (D:2)
  4 rats
41 creatures vanquished.

Notes
Turn   | Place    | Note
-------+----------+-------------------------------------------
     0 | D:1      | qw the Deep Elf Hunter began the quest for the Orb.
     0 | D:1      | Reached XP level 1. HP: 12/12 MP: 3/3
     0 | D:1      | 0 ||| qw: Version: 0.3-a-9-g12657ce
     0 | D:1      | 0 ||| qw: Game counter: 2171
     0 | D:1      | 0 ||| qw: Always use a shield: true
     0 | D:1      | 0 ||| qw: God list: Okawaru
     0 | D:1      | 0 ||| qw: Allow faded altars: false
     0 | D:1      | 0 ||| qw: Do Orc after D:15 true
     0 | D:1      | 0 ||| qw: Do second Lair branch before Depths: true
     0 | D:1      | 0 ||| qw: Lair rune preference: random
     0 | D:1      | 0 ||| qw: Plans: Normal
     0 | D:1      | 0 ||| PLANNING D:1-11
     2 | D:1      | Noticed a gargoyle
     2 | D:1      | Noticed a demigod
     4 | D:1      | Noticed a ghoul
     4 | D:1      | Noticed a human
     6 | D:1      | Noticed a troll
     8 | D:1      | Noticed a tengu
     8 | D:1      | Noticed a demonspawn
    10 | D:1      | Noticed a vampire
    12 | D:1      | Noticed a naga
    12 | D:1      | Noticed an octopode
    14 | D:1      | Noticed a spriggan
    14 | D:1      | Noticed an ogre
    16 | D:1      | Noticed a draconian
    18 | D:1      | Noticed a formicid
    18 | D:1      | Noticed a merfolk
    20 | D:1      | Noticed a vine stalker
    20 | D:1      | Noticed an armataur
    22 | D:1      | Noticed an elf
    22 | D:1      | Noticed a meteoran
    24 | D:1      | Noticed a minotaur
    24 | D:1      | Noticed a draconian
    26 | D:1      | Noticed a demigod
    58 | D:1      | Reached XP level 2. HP: 16/16 MP: 4/4
    77 | D:1      | Reached skill level 6 in Ranged Weapons
   769 | D:1      | 769 ||| UPGRADING to +0 helmet.
   774 | D:1      | 774 ||| READING scroll labelled NOSOYM GABIGU.
   775 | D:1      | 775 ||| READING scroll labelled GAISUE NAOSYI.
   776 | D:1      | 776 ||| READING scroll labelled ANYM UJOGG.
   781 | D:1      | 781 ||| READING scroll labelled ASIMYC ZI TUAJ.
   782 | D:1      | 782 ||| READING scroll labelled VAOWKOQENG.
   783 | D:1      | 783 ||| DRINKING 2 brown potions.
   784 | D:1      | 784 ||| DROPPING scroll of butterflies.
   835 | D:2      | Reached XP level 3. HP: 20/20 MP: 5/5
  1192 | D:2      | Reached skill level 7 in Ranged Weapons
  1598 | D:2      | 1598 ||| UPGRADING to amulet of regeneration.
  1603 | D:2      | 1603 ||| READING scroll labelled PUOSAM JITEGAB.
  1604 | D:2      | 1604 ||| READING 2 scrolls labelled ZYDAAG LIUSINLAH.
  1605 | D:2      | 1605 ||| READING scroll labelled NEXACRI LUKIZEGIFI.
  1606 | D:2      | 1606 ||| DRINKING 3 inky potions.
  1607 | D:2      | 1607 ||| READING 3 scrolls of identify.
  1607 | D:2      | 1607 ||| IDENTIFYING glowing yellow potion
  1608 | D:2      | 1608 ||| READING 2 scrolls of identify.
  1608 | D:2      | 1608 ||| IDENTIFYING red potion
  1609 | D:2      | 1609 ||| DROPPING scroll of fear.
  1610 | D:2      | 1610 ||| DROPPING 2 potions of attraction.
  1641 | D:3      | 1641 ||| PLANNING SEWER
  1672 | D:3      | You fall into a shaft and drop 2 floors!
  1672 | D:5      | Entered Level 5 of the Dungeon
  1692 | D:5      | Noticed a phantom
  1708 | D:5      | Killed a phantom
  1709 | D:5      | Reached skill level 8 in Ranged Weapons
  1709 | D:5      | Reached XP level 4. HP: 25/25 MP: 6/6
  1719 | D:5      | Reached XP level 5. HP: 25/29 MP: 7/7
  1780 | D:5      | 1780 ||| UPGRADING to +0 ring mail.
  1790 | D:5      | 1790 ||| DROPPING +0 leather armour.
  1866 | D:4      | Reached skill level 9 in Ranged Weapons
  1878 | D:4      | HP: 1/31 [gnoll/+0 club (7)]
  1879 | D:4      | 1879 ||| READING scroll of teleportation.
  1879 | D:4      | Mangled by a gnoll

Levels and vault maps discovered:
D:1:      kb_arrival_jail, layout_basic
D:2:      layout_loops_corners
D:3:      layout_basic, mainiacjoe_overflow_chevrons,
          mainiacjoe_overflow_alcove_2, portal_sewer_entry_d, serial_shops,
          nicolae_shop_gibbet_a_chance
D:4:      layout_basic, mainiacjoe_overflow_small_starburst,
          minmay_temple_entry_arrows
D:5:      layout_basic, gammafunk_ghost_mausoleum, hangedman_decor_push,
          guppyfry_early_lair_pool, uniq_eustachio

Skill      XL: |  1  2  3  4  5 |
---------------+----------------+-----
Ranged Weapons | 6 8 9 |  9.0
Fighting       | 2 |  2.4
Dodging        | |  2.4
Stealth        | |  1.2

Action                     |  1- 3 |  4- 6 || total
---------------------------+-------+-------++-------
   Fire: Shortbow          |   118 |    44 ||   162
    Use: Scroll            |    10 |     1 ||    11
         Potion            |     2 |       ||     2
 Armour: Leather armour    |     7 |       ||     7
         Ring mail         |       |     8 ||     8
  Dodge: Dodged            |    24 |    18 ||    42

Table legend:
 A = Non-vault XP
 B = Vault XP
 C = Vault XP percentage of total XP
 D = Non-vault monster count
 E = Vault monster count
 F = Vault count percentage of total count
                 A         B        C        D         E       F
            +---------+---------+-------+---------+---------+-------
      Total |     343 |      13 |   3.7 |      40 |       1 |   2.4
            +---------+---------+-------+---------+---------+-------
        D:1 |      36 |       0 |   0.0 |      19 |       0 |   0.0
        D:2 |      31 |       0 |   0.0 |      11 |       0 |   0.0
        D:3 |      10 |       0 |   0.0 |       1 |       0 |   0.0
        D:4 |     101 |       0 |   0.0 |       5 |       0 |   0.0
        D:5 |     165 |      13 |   7.3 |       4 |       1 |  20.0
            +---------+---------+-------+---------+---------+-------
